Map: Ulrena

Players

lesha - Winner!

  • Race: Terran Terran
  • League: Silver

StranaOz

  • Race: Zerg Zerg
  • League: Gold

VOD

Have the link to the VOD?

Description

Time

  • Played on: Dec. 25, 2015, 5:45 a.m.
  • Length: 13:33
Show
View Real Time Build Order
Export as new Build Order

lesha Terran - Winner!

Build Orders: Reaper Expand, MMM Bio 

Get SALT Encoding   

  12  0:01  SCV  
  13  0:13  SCV  
  14  0:18  Supply Depot  
  14  0:26  SCV  
  15  0:40  SCV  
  15  0:41  Barracks  
  16  0:47  Refinery  
  16  0:52  SCV  
  18  1:04  SCV  
  18  1:16  SCV  
  19  1:28  Orbital Command  
  19  1:31  Reaper  
  20  1:44  Command Center  
  20  1:52  Refinery  
  20  1:58  SCV  
  20  2:00  Supply Depot  
  21  2:06  Marine  
  22  2:10  SCV  
  23  2:25  Marine  
  23  2:27  SCV  
  24  2:37  Factory  
  24  2:39  SCV  
  25  2:48  Marine  
  25  2:49  Barracks  
  26  2:51  SCV  
  26  2:57  Bunker, Orbital Command  
  27  3:03  SCV  
  28  3:06  Marine  
  29  3:15  SCV  
  30  3:25  Supply Depot  
  30  3:27  SCV, Supply Depot  
  30  3:28  SCV  
  30  3:31  Factory Tech Lab  
  32  3:40  SCV  
  33  3:41  Barracks Tech Lab  
  33  3:42  Starport  
  33  3:47  Barracks Reactor  
  33  3:49  Bunker  
  33  3:53  Siege Tank  
  36  4:05  SCV x2  
  36  4:06  Liberator  
  36  4:07  Barracks  
  38  4:10  Refinery  
  38  4:14  Marauder  
  40  4:17  SCV  
  40  4:18  SCV  
  45  4:28  Marine x2  
  47  4:40  SCV x2  
  47  4:42  Barracks  
  49  4:49  Refinery, Stimpack  
  49  4:52  SCV  
  49  4:53  SCV  
  49  4:56  Engineering Bay  
  49  4:59  Supply Depot, Engineering Bay  
  51  5:02  Supply Depot  
  51  5:05  SCV x2  
  51  5:07  Marine x2  
  53  5:09  Barracks Reactor  
  55  5:17  Starport Reactor  
  55  5:22  Marine  
  55  5:24  Marine x2  
  58  5:32  Barracks  
  58  5:37  Terran Infantry Weapons Level 1, Terran Infantry Armor Level 1  
  58  5:39  Barracks Reactor  
  58  5:41  Marine  
  58  5:42  Marine x2  
  60  5:45  Siege Tank  
  54  6:25  SCV x2  
  56  6:26  Marine x2  
  57  6:36  Marine x3  
  57  6:37  SCV x2, Barracks Reactor, Marine  
  57  6:38  Medivac  
  57  6:39  Medivac  
  66  6:40  Siege Tank  
  69  6:49  SCV x2, Marine x3  
  69  6:54  Combat Shields, Marine x4  
  74  6:57  Command Center  
  78  7:16  Marine x5  
  82  7:25  SCV x2  
  84  7:37  SCV x2  
  84  7:43  Marine x4  
  84  7:44  Marine x5  
  95  7:53  Medivac x2  
  99  8:01  Marine x7  
  99  8:02  Marauder, Marine  
  99  8:03  Armory  
  109  8:18  Marine  
  109  8:19  Marine  
  109  8:24  Marauder  
  111  8:29  Marine x5  
  111  8:30  Marine  
  114  8:36  Marine x2  
  114  8:41  SCV x2  
  118  8:42  Orbital Command  
  118  8:45  Marine  
  118  8:47  Marine x5  
  124  8:53  SCV  
  125  9:36  Supply Depot  
  125  9:37  Supply Depot x2  
  125  9:40  Supply Depot  
  125  9:41  Supply Depot  
  125  9:52  Medivac x2  
  125  9:54  Marine  
  125  9:58  SCV x2, Marine x8  
  125  9:59  Supply Depot  
  127  10:10  SCV x2  
  127  10:12  Marine  
  123  10:16  Marine x6  
  129  10:22  SCV, Marine x2, Medivac x2  
  131  10:30  Marine  
  131  10:33  Marine x5  
  131  10:34  Marine  
  138  10:40  Marine x2  
  140  10:47  Marine  
  141  10:51  Marine x5  
  141  10:52  Marine, Terran Infantry Weapons Level 2, Terran Infantry Armor Level 2, Medivac x2  
  151  10:59  Marine x2  
  153  11:05  Marine  
  153  11:10  Command Center  
  154  11:19  Marine x6  
  154  11:20  Marine x2  
  154  11:22  Medivac  
  154  11:23  Marine  
  165  11:26  Siege Tank  
  168  11:37  Marine x6  
  143  11:51  SCV x2  
  143  11:52  SCV, Marine x3  
  149  11:54  Marine x2  
  149  11:55  Marine x3  
  149  11:58  Siege Tank  
  157  12:03  SCV  
Show
View Real Time Build Order
Export as new Build Order

StranaOz Zerg 

Build Orders: Pool First 

Get SALT Encoding   

  12  0:01  Drone  
  13  0:10  Drone  
  14  0:19  Overlord  
  14  0:37  Spawning Pool  
  14  0:40  Drone  
  14  0:41  Drone  
  15  0:44  Drone  
  16  1:11  Hatchery  
  15  1:19  Drone  
  15  1:25  Zergling x4  
  18  1:29  Queen  
  18  1:32  Drone  
  21  1:45  Overlord  
  21  1:54  Drone  
  22  1:57  Extractor  
  21  2:04  Drone  
  22  2:29  Queen  
  23  2:32  Drone x2  
  23  2:34  Drone x2  
  23  2:35  Queen  
  29  2:46  Drone x2  
  29  2:47  Drone x3  
  34  3:12  Roach Warren  
  34  3:15  Extractor  
  34  3:17  Drone x3  
  34  3:18  Drone  
  34  3:19  Overlord  
  36  3:25  Hatchery  
  35  3:35  Drone  
  36  3:49  Spore Crawler  
  36  3:53  Spore Crawler  
  36  3:55  Roach x3  
  40  3:56  Roach x2  
  40  4:00  Overlord  
  40  4:01  Overlord  
  44  4:17  Lair  
  44  4:18  Roach x2  
  44  4:22  Overlord  
  48  4:32  Ravager x2  
  50  4:49  Roach x4  
  50  4:50  Zergling x4  
  50  4:51  Zergling x6  
  63  5:03  Drone x2  
  63  5:04  Drone x2  
  67  5:53  Drone x4  
  67  5:54  Drone x3  
  67  5:55  Overlord x3  
  67  5:56  Overlord x4  
  61  6:14  Zergling x6  
  52  6:21  Roach x3  
  56  6:38  Roach x5  
  63  6:53  Roach x3  
  63  6:54  Roach  
  71  6:59  Ravager x2  
  71  7:00  Ravager  
  74  7:08  Roach x3  
  80  7:09  Roach x6  
  80  7:10  Roach  
  80  7:11  Zergling x4  
  96  7:29  Roach x2  
  102  7:30  Roach x2  
  104  7:39  Zergling x14  
  104  7:40  Zergling x8  
  115  7:59  Ravager x2  
  112  8:39  Overseer, Extractor  
  112  8:40  Extractor  
  110  8:46  Nydus Network  
  109  8:58  Hatchery  
  107  9:40  Nydus Canal  
  107  9:42  Zergling x2  
  107  9:43  Zergling x12  
  107  9:44  Zergling x6  
  110  10:12  Drone x5  
  110  10:13  Drone x2  
  114  10:23  Roach x2  
  114  10:24  Zergling x6  
  121  10:55  Overlord x3  
  121  10:56  Overlord x3  
  121  11:01  Hatchery  
  120  11:04  Overlord  
  120  11:05  Overlord x4  
  120  11:13  Queen  
  122  11:25  Roach x6  
  134  11:26  Roach x4  
  66  12:00  Hydralisk Den  
  65  12:03  Zergling x6  
  65  12:04  Zergling x10  
  65  12:05  Zergling x10  
Tags
 
Add a new tag
Caveats
  • Supply blocks, unpowered buildings, or Contaminate may cause inaccurate times.
  • Supply counts are checked every 10 seconds.